 Dungeon Crawl Stone Soup version 0.28-a0-622-gbaef9634d7 (webtiles) character file.

Game seed: 11502953880440273536

1236 Irenicus the Geomancer (level 8, 0/62 HPs)
             Began as a Deep Dwarf Earth Elementalist on Oct 7, 2021.
             Slain by a two-headed ogre (20 damage)
             ... on level 6 of the Dungeon.
             The game lasted 00:16:15 (3626 turns).

Irenicus the Geomancer (DDEE)                       Turns: 3626, Time: 00:16:15

Health: 0/62       AC:  5    Str: 13    XL:     8   Next: 24%
Magic:  2/8        EV: 12    Int: 17    God:
Gold:   159        SH:  0    Dex: 13    Spells: 7/10 levels left

rFire   . . .      SeeInvis .   i - +0 dagger (vamp)
rCold   . . .      Faith    .   (no shield)
rNeg    . . .      Spirit   .   k - +0 leather armour
rPois   .          Reflect  .   e - +0 helmet
rElec   .          Harm     .   h - +0 cloak
rCorr   .          Rampage  .   (no gloves)
Will    +....                   (no boots)
Stlth   ++........              (no amulet)
HPRegen 0.00/turn               (no ring)
MPRegen 0.11/turn               (no ring)

@: no status effects
A: damage resistance, heal wounds, sense surroundings 1, no regeneration
a: Heal Wounds


You were on level 6 of the Dungeon.
You visited 2 branches of the dungeon, and saw 7 of its levels.

You collected 159 gold pieces.


Innate Abilities, Weirdness & Mutations

You are resistant to damage.
You can heal yourself by infusing magical energy.
You passively map a small area around you.
You do not regenerate.


   Skills:
 - Level 2.1 Dodging
 - Level 3.0 Stealth
 - Level 1.7 Spellcasting
 - Level 0.8 Transmutations
 + Level 13.2 Earth Magic


You had 7 spell levels left.
You knew the following spells:

 Your Spells              Type           Power      Damage    Failure   Level
w - Passwall              Tmut/Erth      20%        N/A       1%          2
z - Sandblast             Erth           92%        2d19      1%          1

Your spell library contained the following spells:

 Spells                   Type           Power      Damage    Failure   Level
 Stone Arrow              Conj/Erth      48%        3d10      4%          3
 Petrify                  Tmut/Erth      25%        N/A       14%         4
 Summon Small Mammal      Summ           4%         N/A       26%         1
 Corpse Rot               Necr/Air       N/A        N/A       36%         2
 Call Canine Familiar     Summ           1%         N/A       58%         3
 Summon Guardian Golem    Hex/Summ       1%         N/A       58%         3
 Tukima's Dance           Hex            1%         N/A       58%         3
 Dispel Undead            Necr           1%         3d6       94%         4
 Passage of Golubria      Tloc           N/A        N/A       94%         4
 Yara's Violent Unravell  Hex/Tmut       1%         3d3       99%         5
 Death Channel            Necr           0%         N/A       100%        6

Inventory:

Hand Weapons
 i - a +0 vampiric dagger (weapon)
Missiles
 a - 41 poisoned darts
 c - 59 stones
Armour
 e - a +0 helmet (worn)
 h - a +0 cloak (worn)
 k - a +0 leather armour (worn)
Wands
 j - a wand of polymorph (4)
Scrolls
 b - 3 scrolls of teleportation {@r2}
 f - a scroll of brand weapon
 g - a scroll of vulnerability
 l - 2 scrolls of identify {@r1}
 n - a scroll of immolation {unknown}
 o - a scroll of enchant armour {unknown}
Potions
 d - a potion of lignification
 m - 2 potions of curing {@q1}

Dungeon Overview and Level Annotations

Branches:
Dungeon (6/15)             Temple (1/1) D:5

Altars:
Cheibriados
Fedhas
Kikubaaqudgha
Okawaru
Qazlal
Ru
Trog
Uskayaw
Vehumet
Xom
Yredelemnul
The Shining One

#...##....##..##)....##
##..########..##.....##
#####....##'###......# *
#.......†.#..)....#
#.........#.......#
#.........#.......#
###...######.##..#####
..############.##..##..#
.......@........#..#...#
......O.........'..'...#
*
..###.######...###.##..#
* #. ##### ####### , . <
, ,, , #. , , , , , , #
, , ,, , * ** * ,,, , *
, *


You could see a two-headed ogre.


Message History

The two-headed ogre hits you with a +0 giant spiked club!!
* * * LOW HITPOINT WARNING * * *
The two-headed ogre closely misses you.
Casting: Sandblast (safe; 1% risk of failure)
Confirm with . or Enter, or press ? or * to list all spells.
Aiming: Sandblast (safe; 1% risk of failure)
Press: ? - help, Shift-Dir - straight line, f/p - two-headed ogre
Aim: a two-headed ogre, wielding two +0 giant spiked clubs (moderately wounded, 92% to hit)
The blast of sand hits the two-headed ogre.
The two-headed ogre is moderately wounded.
The two-headed ogre barely misses you. The two-headed ogre closely misses you.
Casting: Sandblast (safe; 1% risk of failure)
Confirm with . or Enter, or press ? or * to list all spells.
Aiming: Sandblast (safe; 1% risk of failure)
Press: ? - help, Shift-Dir - straight line, f/p - two-headed ogre
Aim: a two-headed ogre, wielding two +0 giant spiked clubs (moderately wounded, 92% to hit)
The blast of sand hits the two-headed ogre!
The two-headed ogre is heavily wounded.
The two-headed ogre hits you with a +0 giant spiked club.
The two-headed ogre misses you.
Casting: Sandblast (safe; 1% risk of failure)
Confirm with . or Enter, or press ? or * to list all spells.
Aiming: Sandblast (safe; 1% risk of failure)
Press: ? - help, Shift-Dir - straight line, f/p - two-headed ogre
Aim: a two-headed ogre, wielding two +0 giant spiked clubs (heavily wounded, 92% to hit)
The blast of sand hits the two-headed ogre!
The two-headed ogre is almost dead.
The two-headed ogre completely misses you.
The two-headed ogre hits you with a +0 giant spiked club!!
You die...

Skill      XL: |  1  2  3  4  5  6  7 |
---------------+----------------------+-----
Earth Magic    | 5 7 8 10 13 | 13.2
Stealth        | 3 |  3.0
Dodging        | |  2.1
Spellcasting   | |  1.7
Transmutations | |  0.8

Action                   |  1- 3 |  4- 6 |  7- 9 || total
-------------------------+-------+-------+-------++-------
Melee: Unarmed           |     2 |       |       ||     2
       Dagger            |    66 |    67 |    12 ||   145
Throw: Dart              |     6 |       |       ||     6
 Cast: Sandblast         |    48 |    50 |    31 ||   129
       Passwall          |     2 |     9 |       ||    11
 Abil: Heal Wounds       |     1 |     3 |     3 ||     7
Evoke: Wand              |       |       |     1 ||     1
  Use: Potion            |     2 |     3 |       ||     5
       Scroll            |     2 |     4 |       ||     6
 Stab: Sleeping          |     1 |     4 |     1 ||     6
Armor: Robe              |    20 |       |       ||    20
       Leather armour    |     5 |    13 |     5 ||    23
       Skin              |       |    35 |       ||    35
Dodge: Dodged            |    43 |    55 |    12 ||   110

Levels and vault maps discovered:
D:1:      nzn_arrival_crosshair, layout_basic,
          shapermc_ecumenical_altar_mp_ritualfount
D:2:      layout_loops_ring, uniq_sigmund
D:3:      layout_basic
D:4:      layout_layer_cave, grunt_ministairs_12, uniq_natasha
D:5:      layout_loops_corners, minmay_temple_entry_mini_moons
D:6:      layout_gridville, chequers_temple_overflow_minitemple, abandoned_shop
Temple:   minmay_temple_bridge_abc

Notes
Turn   | Place    | Note
-------+----------+-------------------------------------------
     0 | D:1      | Irenicus the Deep Dwarf Earth Elementalist began the quest
                  | for the Orb.
     0 | D:1      | Reached XP level 1. HP: 15/15 MP: 3/3
   280 | D:1      | Reached XP level 2. HP: 16/22 MP: 1/4
   313 | D:1      | Reached skill level 5 in Earth Magic
   359 | D:1      | Found a faded altar of an unknown god.
   488 | D:1      | Reached XP level 3. HP: 24/28 MP: 0/5
   648 | D:2      | Reached skill level 6 in Earth Magic
   932 | D:2      | Learned a level 2 spell: Passwall
  1135 | D:3      | Reached skill level 7 in Earth Magic
  1135 | D:3      | Reached XP level 4. HP: 23/36 MP: 0/6
  1757 | D:4      | Reached XP level 5. HP: 26/42 MP: 1/7
  1758 | D:4      | Reached skill level 3 in Stealth
  1765 | D:4      | Noticed a phantom
  1789 | D:4      | Killed a phantom
  1790 | D:4      | Reached skill level 8 in Earth Magic
  1850 | D:4      | HP: 2/63 [iguana (7)]
  1870 | D:4      | Reached XP level 6. HP: 39/49 MP: 2/7
  2049 | D:4      | Noticed Natasha
  2053 | D:4      | Killed Natasha
  2054 | D:4      | Reached skill level 9 in Earth Magic
  2358 | D:5      | Entered Level 5 of the Dungeon
  2380 | D:5      | Found a staircase to the Ecumenical Temple.
  2392 | Temple   | Entered the Ecumenical Temple
  2758 | D:5      | Noticed a water moccasin
  2764 | D:5      | Killed a water moccasin
  2765 | D:5      | Reached skill level 10 in Earth Magic
  2765 | D:5      | Reached XP level 7. HP: 13/55 MP: 3/8
  2958 | D:5      | HP: 5/55 [worm (9)]
  3193 | D:5      | Reached skill level 11 in Earth Magic
  3480 | D:6      | Noticed a cyclops
  3497 | D:6      | Reached skill level 12 in Earth Magic
  3502 | D:6      | HP: 1/55 [cyclops (24)]
  3503 | D:6      | Killed a cyclops
  3504 | D:6      | Reached skill level 13 in Earth Magic
  3504 | D:6      | Reached XP level 8. HP: 2/62 MP: 0/9
  3620 | D:6      | Noticed a two-headed ogre
  3626 | D:6      | Slain by a two-headed ogre

Vanquished Creatures
  A cyclops (D:6)
  A water moccasin (D:5)
  A swamp drake (D:6)
  A black bear (D:6)
  An ogre (D:5)
  A phantom (D:4)
  3 hounds
  An orc priest (D:5)
  5 iguanas
  Natasha (D:4)
  A hound skeleton (D:4)
  A howler monkey skeleton (D:4)
  6 adders
  A white imp (D:5)
  An adder skeleton (D:4)
  2 worms
  4 orcs (D:5)
  8 ball pythons
  4 endoplasms
  A giant cockroach (D:4)
  6 goblins
  10 hobgoblins
  2 jackals (D:1)
  5 kobolds
  3 quokkas
  3 bats (D:1)
  3 frilled lizards
  A rat (D:1)
78 creatures vanquished.

Vanquished Creatures (others)
  4 plants (D:1)
4 creatures vanquished.

Grand Total: 82 creatures vanquished

Table legend: (Time is in decaauts)
 A = Elapsed time spent in this place.
 B = Non-inter-level travel time spent in this place.
 C = Inter-level travel time spent in this place.
 D = Time resting spent in this place.
 E = Time spent auto-exploring this place.
 F = Levels seen in this place.
 G = Mean time per level.
                   A        B        C        D        E       F      G
               +--------+--------+--------+--------+--------+-----+--------+
         Total |   3607 |   3479 |    128 |      0 |   1342 |   7 |  515.3 |
       Dungeon |   3557 |   3429 |    128 |      0 |   1342 |   6 |  592.8 |
        Temple |     49 |     49 |      0 |      0 |      0 |   1 |   49.0 |
               +--------+--------+--------+--------+--------+-----+--------+

Top non-repeatable levels by time:
     D:5: 994 daAuts
     D:4: 764 daAuts
     D:1: 558 daAuts
     D:3: 552 daAuts
     D:2: 470 daAuts
     D:6: 218 daAuts
  Temple: 49 daAuts

Table legend:
 A = Non-vault XP
 B = Vault XP
 C = Vault XP percentage of total XP
 D = Non-vault monster count
 E = Vault monster count
 F = Vault count percentage of total count
                 A         B        C        D         E       F
            +---------+---------+-------+---------+---------+-------
      Total |    1677 |      89 |   5.0 |      75 |       3 |   3.8
            +---------+---------+-------+---------+---------+-------
        D:1 |      44 |       0 |   0.0 |      26 |       0 |   0.0
        D:2 |      46 |       0 |   0.0 |      12 |       0 |   0.0
        D:3 |      53 |       0 |   0.0 |       7 |       0 |   0.0
        D:4 |     260 |      89 |  25.5 |      12 |       3 |  20.0
        D:5 |     496 |       0 |   0.0 |      15 |       0 |   0.0
        D:6 |     778 |       0 |   0.0 |       3 |       0 |   0.0
            +---------+---------+-------+---------+---------+-------
